 Dungeon Crawl Stone Soup version 0.18-a0-1220-g2dc6208 (webtiles) character file.

98 Reinor the Chopper (level 4, -5/37 HPs)
             Began as a Hill Orc Gladiator on Feb 3, 2016.
             Slain by an orc
             ... wielding a +2 falchion of electrocution
              (20 damage)
             ... on level 3 of the Dungeon.
             The game lasted 00:05:08 (1724 turns).

Reinor the Chopper (Hill Orc Gladiator)             Turns: 1724, Time: 00:05:08

Health: -5/37      AC:  9    Str: 17    XL:     4   Next: 69%
Magic:  4/4        EV: 11    Int:  9    God:
Gold:   52         SH:  0    Dex: 11    Spells: 0 memorised, 3 levels left

rFire  . . .     SeeInvis .     a - +0 war axe
rCold  . . .     Gourm    .     e - +0 ring mail
rNeg   . . .     Faith    .     (no shield)
rPois  .         Spirit   .     c - +0 helmet
rElec  .         Dismiss  .     (no cloak)
rCorr  .         Reflect  .     l - +2 pair of gloves
SustAt .         Harm     .     (no boots)
MR     .....                    (no amulet)
Stlth  +.........               (no ring)
                                (no ring)

@: not resistant to hostile enchantments, very unstealthy
A: no striking features
a: Convert to Beogh


You were on level 3 of the Dungeon.
You were not hungry.

You visited 1 branch of the dungeon, and saw 3 of its levels.

You collected 52 gold pieces.

Inventory:

Hand Weapons
 a - a +0 war axe (weapon)
Missiles
 d - 3 throwing nets (quivered)
Armour
 c - a +0 helmet (worn)
 e - a +0 ring mail (worn)
 l - a +2 pair of gloves (worn)
Scrolls
 b - a scroll of noise {unknown}
 j - 2 scrolls of fog {unknown}
 k - 3 scrolls of teleportation {unknown}
 o - 2 scrolls of recharging {unknown}
Potions
 i - a potion of haste
 m - 2 potions of curing
 n - a potion of cure mutation {unknown}
 p - a potion of might {unknown}
 r - a potion of lignification
Comestibles
 f - 2 bread rations
 h - 2 meat rations
 q - a chunk of flesh


   Skills:
 - Level 2.4 Fighting
 + Level 5.8 Axes
 - Level 1.7 Throwing
 + Level 2.9 Armour
 - Level 2.4 Dodging


You had 3 spell levels left.
You didn't know any spells.

Dungeon Overview and Level Annotations

Branches:
Dungeon (3/15)

Altars:
The Shining One


Message History

You kill the orc!
The orc priest hits you from afar with a trident.
The orc wizard casts a spell.
The orc wizard seems to speed up.
You barely miss the orc wizard. You hit the orc.
The orc is moderately wounded.
The orc wizard looks braver for a moment.
The orc hits you but does no damage.
The orc priest hits you from afar with a trident.
The orc wizard hits you but does no damage.
An orc warrior comes into view. It is wielding a glaive.
You slash the orc wizard!
The orc wizard is heavily wounded.
You barely miss the orc.
The orc is lightly wounded.
The orc wizard hits you but does no damage.
The orc hits you with a falchion of electrocution.
You are electrocuted!
Ouch! That really hurt!
You die...

#.# .#.#.#.# #.#.#.#.#
####.#.#.#.# ≈≈
.<....#...#
≈≈o###########.........#
.............#....###..#
#........###.#.........†
..####@## #..........>#
♣.oo♣ ###..........
#.oo..# #....######
#♣...♣# #..........
..... ###########
###_### ###


You could see an orc warrior, an orc priest, an orc wizard and 2 orcs.

Vanquished Creatures
  Ijyb (D:2)
  3 adders
  A worm (D:2)
  2 orcs
  3 bats
  4 giant cockroaches
  7 goblins
  7 hobgoblins
  5 kobolds
  4 giant newts
  3 rats
40 creatures vanquished.

Notes
Turn   | Place    | Note
--------------------------------------------------------------
     0 | D:1      | Reinor the Hill Orc Gladiator began the quest for the Orb.
     0 | D:1      | Reached XP level 1. HP: 18/18 MP: 1/1
   114 | D:1      | Reached skill level 1 in Armour
   114 | D:1      | Reached XP level 2. HP: 25/25 MP: 2/2
   875 | D:2      | Reached XP level 3. HP: 30/30 MP: 3/3
   954 | D:2      | Reached skill level 5 in Axes
  1083 | D:2      | Noticed Ijyb
  1101 | D:2      | Killed Ijyb
  1101 | D:2      | Reached XP level 4. HP: 30/37 MP: 4/4
  1720 | D:3      | Found a glowing golden altar of the Shining One.
  1724 | D:3      | Noticed an orc warrior
  1724 | D:3      | Slain by an orc

Vault maps used:
D:1:      elethiomel_arrival_shortcut
D:2:      serial_forest, infiniplex_forest_straight_2,
          infiniplex_forest_clump_curved, infiniplex_forest_straight_1,
          infiniplex_forest_clump_long, infiniplex_forest_clump_long,
          infiniplex_forest_lined_corner, infiniplex_forest_end_2,
          infiniplex_forest_lined_room_2, infiniplex_forest_end_3,
          infiniplex_forest_diagonal, uniq_iyjb
D:3:      tso_altar, portal_sewer_entry_a, minivault_14, uniq_sigmund

Action                   |  1- 3 |  4- 6 || total
-------------------------+-------+-------++-------
Melee: War axe           |    85 |    58 ||   143
  Use: Scroll            |       |     3 ||     3
  Eat: Chunk             |     1 |     2 ||     3
